 Seeded DCSS version 0.27.1-34-g3ba077fa99 (webtiles) character file.

Game seed: 1001837481477946641 (custom seed)

11 voltaire321 the Ducker (level 2, -2/22 HPs)
             Began as a Demonspawn Gladiator on Jan 8, 2022.
             Slain by a jackal (3 damage)
             ... on level 1 of the Dungeon.
             The game lasted 00:00:57 (227 turns).

voltaire321 the Ducker (Demonspawn Gladiator)        Turns: 227, Time: 00:00:58

Health: -2/22      AC:  3    Str: 14    XL:     2   Next: 13%
Magic:  0/0        EV: 12    Int:  9    God:
Gold:   12         SH:  0    Dex: 14    Spells: 1/1 levels left

rFire    . . .     SeeInvis .   g - +5 executioner's axe (antimagic)
rCold    . . .     Faith    .   (shield currently unavailable)
rNeg     . . .     Spirit   .   b - +0 leather armour
rPois    .         Reflect  .   (helmet restricted)
rElec    .         Harm     .   (no cloak)
rCorr    .         Rampage  .   (no gloves)
Will     .....                  (no boots)
Stlth    +.........             (no amulet)
HPRegen  0.07/turn              (no ring)
MPRegen  0.07/turn              (no ring)

@: no status effects
A: horns 1
a: no special abilities


You were on level 1 of the Dungeon.
You visited 1 branch of the dungeon, and saw 1 of its levels.

You collected 12 gold pieces.

Inventory:

Hand Weapons
 a - a +0 war axe
 g - a +5 antimagic executioner's axe (weapon)
Missiles
 d - 3 throwing nets (quivered)
Armour
 b - a +0 leather armour (worn)
 c - a +0 helmet
Scrolls
 e - 2 scrolls of amnesia {unknown}
 f - a scroll of torment {unknown}


   Skills:
 + Level 2.2 Fighting
 + Level 2.8 Axes
 + Level 2.0 Throwing
 + Level 2.8 Dodging


You had one spell level left.
You didn't know any spells.
Your spell library was empty.

Dungeon Overview and Level Annotations

Branches:
Dungeon (1/15)

Altars:


Innate Abilities, Weirdness & Mutations

You have a pair of small horns on your head.


Message History

The jackal bites you but does no damage.
The kobold misses you.
Your Throwing skill increases to level 2!
You hit the kobold but do no damage. You slash the jackal!
You kill the jackal!
You barely miss the hobgoblin. The bat misses you. The jackal bites you.
The hobgoblin closely misses you. The kobold closely misses you.
The bat barely misses you. The hobgoblin hits you.
The jackal bites you but does no damage.
You closely miss the kobold. You hit the hobgoblin. You slash the bat!
You kill the bat!
You hit the jackal.
The jackal bites you but does no damage.
The kobold hits you but does no damage. The hobgoblin closely misses you.
The kobold hits you with a +0 short sword.
* * * LOW HITPOINT WARNING * * *
The jackal closely misses you. x2
You have reached level 2!
You feel monstrous as your demonic heritage exerts itself.
Your demonic ancestry asserts itself...
A pair of horns grows on your head!
Your +0 helmet falls away!
You slice the kobold!!
You kill the kobold!
You hit the jackal.
You kill the jackal!
You completely miss the jackal. You barely miss the hobgoblin.
The jackal barely misses you.
The hobgoblin hits you but does no damage.
The jackal bites you.
* * * LOW HITPOINT WARNING * * *
The goblin hits you but does no damage.
The hobgoblin hits you but does no damage.
The jackal bites you but does no damage.
You slice the jackal!!
You kill the jackal!
You slash the goblin!
You kill the goblin!
You miss the jackal. You completely miss the hobgoblin. The jackal bites you.
You die...

## ##..[..... .# #.........
.##......... .#.........
.......... ##### #......... #....
#g))......# #.... ♣........##
#@h......# #.... ...P.PP♣..###
#.#####.# #.... ......P....##.
#.##....# ##....
.♣.....P...P...#....# ###.....
♣..P.P....♣..#.....## ##.......
.P.....P.....###...######..##....
.........P...# #.....#....####.##
P...<...P..P# #..##...#######.#
.........P..##....##...# #...#


You could see a jackal and a hobgoblin.

Vanquished Creatures
  A bat (D:1)
  An endoplasm (D:1)
  2 goblins (D:1)
  3 jackals (D:1)
  2 kobolds (D:1)
  A ball python (D:1)
  2 frilled lizards (D:1)
12 creatures vanquished.

Notes
Turn   | Place    | Note
-------+----------+-------------------------------------------
     0 | D:1      | voltaire321 the Demonspawn Gladiator began the quest for
                  | the Orb.
     0 | D:1      | Reached XP level 1. HP: 16/16 MP: 1/1
   174 | D:1      | Found a faded altar of an unknown god.
   199 | D:1      | Identified a scroll of acquirement
   199 | D:1      | Acquired a +5 antimagic executioner's axe
   226 | D:1      | Gained mutation: You have a pair of small horns on your
                  | head. [demonic ancestry]
   226 | D:1      | Reached XP level 2. HP: 2/22 MP: 0/2
   226 | D:1      | HP: 1/22 [jackal (1)]
   227 | D:1      | Slain by a jackal

Illustrated notes

Levels and vault maps discovered:
D:1:      wander_arrival_fairy_ring, layout_rooms,
          ebering_ecumenical_altar_abandoned

Skill      XL: |  1 |
---------------+----+-----
Throwing       | 2 |  2.0
Fighting       | |  2.2
Axes           | |  2.8
Dodging        | |  2.8

Action                   || total
-------------------------++-------
Melee: War axe           ||     9
       Executioner's axe ||     7
  Use: Scroll            ||     1
Armor: Leather armour    ||    15
Dodge: Dodged            ||    24
